 Dungeon Crawl Stone Soup version 0.30-a0-170-g85af917532 (webtiles) character file.

Game seed: 13234284901585088228

22 qw the Shield-Bearer (level 2, -1/19 HPs)
             Began as a Gargoyle Fighter on Sept 30, 2022.
             Slain by a gnoll
             ... wielding a +0 spear
              (5 damage)
             ... on level 1 of the Dungeon.
             The game lasted 00:00:17 (806 turns).

qw the Shield-Bearer (Gargoyle Fighter)              Turns: 806, Time: 00:00:17

Health: -1/19      AC:  9    Str: 19    XL:     2   Next: 91%
Magic:  2/2        EV:  9    Int:  8    God:
Gold:   22         SH:  4    Dex:  9    Spells: 1/1 levels left

rFire   . . .      SeeInvis .    a - +0 war axe
rCold   . . .      Faith    .    c - +0 buckler
rNeg    + . .      Spirit   .    b - +0 scale mail
rPois   inf        Reflect  .    (no helmet)
rElec   +          Harm     .    (no cloak)
rCorr   .          Rampage  .    (no gloves)
Will    .....                    (no boots)
Stlth   ..........               (no amulet)
HPRegen 0.06/turn                (no ring)
MPRegen 0.08/turn                (no ring)

@: no status effects
A: sickness immunity, AC +2, negative energy resistance 1, electricity
resistance, torment resistance 1, petrification resistance
a: no special abilities


You were on level 1 of the Dungeon.
You visited 1 branch of the dungeon, and saw 1 of its levels.

You collected 22 gold pieces.


Innate Abilities, Weirdness & Mutations

You are immune to sickness and miasma.
Your stone body is resilient. (AC +2)
You are immune to poison.
You resist negative energy. (rN+)
You are resistant to electric shocks. (rElec)
You are resistant to unholy torment.
You are immune to petrification.


   Skills:
 - Level 3.2 Fighting
 + Level 3.0 Axes
 - Level 3.2 Armour
 - Level 3.2 Shields


You had one spell level left.
You didn't know any spells.
Your spell library was empty.

Inventory:

Hand Weapons
 a - a +0 war axe (weapon)
 e - a +0 club
Armour
 b - a +0 scale mail (worn)
 c - a +0 buckler (worn)
Jewellery
 g - a ring of ice
Scrolls
 f - a scroll of immolation {unknown}
 h - a scroll of enchant weapon {unknown}
 i - a scroll of identify {unknown}
 k - a scroll of acquirement {unknown}
 l - a scroll of summoning {unknown}
Potions
 d - a potion of might
 j - a potion of heal wounds {unknown}

Dungeon Overview and Level Annotations

Branches:
Dungeon (1/15)

Altars:


Message History

l - a scroll labelled YXYVEIDENI You now have 22 gold pieces (gained 13).
A quokka comes into view.
You hit the quokka.
You kill the quokka!
You see here a quokka corpse.
A rat and a gnoll come into view.
Found a scroll labelled GOCSEEDWUY.
The gnoll shouts!
You hear a shout!
A goblin comes into view. It is wielding a +0 club.
An endoplasm comes into view.
The endoplasm quivers.
Found 6 poisoned darts.
The rat closely misses you.
You slash the rat!
You kill the rat!
The gnoll hits you but does no damage. The gnoll closely misses you.
You hit the endoplasm but do no damage.
The gnoll hits you from afar with a +0 spear!
The endoplasm closely misses you.
You barely miss the endoplasm. You barely miss the goblin.
The goblin hits you but does no damage.
The endoplasm hits you but does no damage.
The gnoll barely misses you. The goblin hits you with a +0 club.
The gnoll hits you from afar with a +0 spear.
The endoplasm closely misses you.
You slash the endoplasm!
You kill the endoplasm!
You hit the goblin.
You kill the goblin!
The gnoll hits you from afar with a +0 spear.
Your Axes skill increases to level 3!
The gnoll hits you but does no damage.
You slash the gnoll!
The gnoll is severely wounded.
The gnoll hits you with a +0 spear.
You barely miss the gnoll.
The gnoll is severely wounded.
The gnoll closely misses you. The gnoll hits you with a +0 spear.
You die...

....## ##.####
#. ###....
...## #.%..##
#) #.### ####
####..## #. #
..##PP ##..###
#. .. ####P.P
##...# ..#
##PP.. ###.#
..# #P....
##.##..###
#PPP..
##........#
######
#?.@)......
+.....
........g......
######
.(.............
#P~~~~
####...........
#P~~~~
##..........
##P~~~
##...##...#
##P~~ #####
#### ##PP ###


You could see a gnoll.

Vanquished Creatures
  2 bats (D:1)
  3 endoplasms (D:1)
  A giant cockroach (D:1)
  3 goblins (D:1)
  A hobgoblin (D:1)
  A kobold (D:1)
  3 quokkas (D:1)
  A frilled lizard (D:1)
  4 rats (D:1)
19 creatures vanquished.

Notes
Turn   | Place    | Note
-------+----------+-------------------------------------------
     0 | D:1      | qw the Gargoyle Fighter began the quest for the Orb.
     0 | D:1      | Reached XP level 1. HP: 14/14 MP: 1/1
     0 | D:1      | 0 ||| qw: Version: 0.2-a-12-gaebbb33
     0 | D:1      | 0 ||| qw: Game counter: 1510
     0 | D:1      | 0 ||| qw: Always use a shield: true
     0 | D:1      | 0 ||| qw: God list: Okawaru
     0 | D:1      | 0 ||| qw: Allow faded altars: false
     0 | D:1      | 0 ||| qw: Do Orc after D:15 true
     0 | D:1      | 0 ||| qw: Do second Lair branch before Depths: true
     0 | D:1      | 0 ||| qw: Lair rune preference: random
     0 | D:1      | 0 ||| qw: Plans: Normal, Zot:1-4, God:TSO, Crypt, Tomb,
                  | Pan, Slime:5, Hells, Abyss, Orb
     0 | D:1      | 0 ||| PLANNING D:1-11
    51 | D:1      | HP: 1/14 [frozen (5)]
   476 | D:1      | Reached XP level 2. HP: 14/19 MP: 2/2
   574 | D:1      | 574 ||| Stepping ~*~*~tactically~*~*~ (stealth).
   803 | D:1      | HP: 4/19 [gnoll/+0 spear (4)]
   804 | D:1      | Reached skill level 3 in Axes
   806 | D:1      | Slain by a gnoll

Levels and vault maps discovered:
D:1:      psy_arrival_terrarium, layout_rooms, ebering_ecumenical_altar_box

Skill      XL: |  1  2 |
---------------+-------+-----
Axes           | 2 3 |  3.0
Fighting       | |  3.2
Armour         | |  3.2
Shields        | |  3.2

Action                   || total
-------------------------++-------
Melee: War axe           ||    64
Armor: Scale mail        ||    36
Dodge: Dodged            ||    29
Block: Buckler           ||    14

Table legend:
 A = Non-vault XP
 B = Vault XP
 C = Vault XP percentage of total XP
 D = Non-vault monster count
 E = Vault monster count
 F = Vault count percentage of total count
                 A         B        C        D         E       F
            +---------+---------+-------+---------+---------+-------
      Total |      32 |       0 |   0.0 |      19 |       0 |   0.0
            +---------+---------+-------+---------+---------+-------
        D:1 |      32 |       0 |   0.0 |      19 |       0 |   0.0
            +---------+---------+-------+---------+---------+-------
